Map: Alcyone LE

Players

LiquidClem (Clem) - Winner!

  • Race: Terran Terran
  • League: Grandmaster
  • Spawn Location: 7:00

Lambo

  • Race: Zerg Zerg
  • League: Grandmaster
  • Spawn Location: 1:00

VOD

Have the link to the VOD?

Description

Time

  • Played on: June 13, 2024, 10:33 a.m.
  • Length: 18:56
Show
View Real Time Build Order
Export as new Build Order

LiquidClem Terran - Winner!

Build Orders: Reaper Expand, Hellion Banshee 

Get SALT Encoding   

  12  0:00  SCV  
  13  0:12  SCV  
  14  0:16  Supply Depot  
  14  0:24  SCV  
  15  0:38  SCV  
  15  0:40  Barracks  
  16  0:42  Refinery  
  16  0:50  SCV  
  17  1:02  SCV  
  18  1:14  SCV  
  19  1:27  Orbital Command, Reaper  
  20  1:39  Command Center  
  20  1:46  Supply Depot  
  20  1:52  SCV  
  21  1:59  Marine  
  22  2:04  SCV  
  23  2:10  Factory  
  23  2:16  SCV  
  23  2:19  Barracks Reactor  
  24  2:28  SCV  
  25  2:38  Command Center  
  25  2:41  SCV  
  26  2:50  Orbital Command  
  26  2:53  SCV  
  27  3:00  Starport  
  27  3:03  Refinery  
  27  3:06  SCV  
  27  3:10  Hellion  
  30  3:15  Hellion  
  30  3:16  SCV  
  30  3:19  SCV  
  34  3:22  Barracks Tech Lab  
  34  3:29  SCV  
  34  3:31  SCV, Hellion  
  38  3:37  Hellion  
  38  3:41  SCV  
  41  3:43  SCV, Banshee  
  41  3:46  Marine  
  46  3:52  Orbital Command  
  46  3:55  SCV, Cloaking Field  
  47  3:57  SCV  
  47  4:01  Hellion  
  50  4:03  Hellion  
  50  4:05  Barracks Tech Lab  
  50  4:07  SCV  
  50  4:09  SCV  
  54  4:13  Supply Depot  
  54  4:18  SCV  
  54  4:19  SCV  
  54  4:21  SCV  
  57  4:26  Banshee  
  57  4:30  SCV  
  61  4:32  Barracks  
  61  4:34  SCV, Marine, Barracks  
  61  4:36  Supply Depot, Factory Reactor  
  61  4:38  SCV  
  64  4:42  SCV  
  64  4:44  Stimpack  
  64  4:45  Refinery  
  65  4:47  SCV  
  65  4:50  SCV, Refinery  
  65  4:52  Marine  
  68  4:54  SCV  
  68  4:59  SCV  
  70  5:02  SCV, Engineering Bay  
  70  5:04  Engineering Bay  
  70  5:05  Orbital Command  
  71  5:10  Marine  
  71  5:11  SCV  
  71  5:13  Supply Depot  
  73  5:14  SCV  
  73  5:18  Barracks x2  
  74  5:24  SCV  
  74  5:25  Marine x2  
  74  5:26  Starport Reactor  
  77  5:32  Terran Infantry Armor Level 1, Terran Infantry Weapons Level 1  
  77  5:34  SCV x2, Marine  
  80  5:36  SCV, Marine x2  
  83  5:45  Supply Depot  
  83  5:46  Supply Depot, SCV  
  84  5:51  Barracks  
  84  5:52  Barracks x2  
  84  5:57  Supply Depot  
  84  5:59  Supply Depot  
  84  6:03  Marine  
  85  6:05  Barracks Reactor  
  85  6:06  Siege Tank, Barracks Reactor, Marine x3  
  85  6:11  Marine  
  92  6:14  SCV x3  
  92  6:16  Medivac x2  
  99  6:19  Supply Depot  
  99  6:23  Supply Depot  
  99  6:26  SCV x3, Marine x3  
  99  6:28  Marine  
  106  6:33  Armory  
  106  6:36  Marine  
  106  6:38  SCV  
  105  6:40  Supply Depot, Marine x3  
  105  6:43  Siege Tank  
  105  6:44  Marine  
  105  6:45  Marine x2  
  105  6:46  Marine  
  115  6:49  Supply Depot, Marine x3  
  115  6:50  Marine  
  119  6:54  Marine  
  119  6:56  Medivac x2  
  119  6:57  Marine  
  119  6:59  Marine  
  119  7:00  Marine  
  127  7:01  Supply Depot  
  127  7:04  Marine x2  
  127  7:05  Marine x2  
  127  7:07  Marine  
  132  7:10  Marine  
  132  7:11  Marine  
  132  7:12  Marine x2  
  136  7:16  Marine  
  136  7:17  Marine x2  
  136  7:18  Siege Tank  
  136  7:20  Supply Depot  
  136  7:22  Supply Depot, Marine  
  143  7:26  Marine x4  
  143  7:28  Marine  
  143  7:29  Marine  
  149  7:30  Marine x2  
  149  7:31  Medivac x2  
  149  7:34  Marine  
  149  7:35  Marine, Combat Shield  
  149  7:36  Terran Infantry Weapons Level 2  
  157  7:42  Marine x2  
  157  7:43  Marine  
  160  7:45  Supply Depot  
  160  7:47  Supply Depot, Terran Infantry Armor Level 2  
  160  7:48  Marine  
  161  7:51  Marine  
  161  7:53  Marine x2  
  161  7:56  Siege Tank  
  164  7:59  Marine  
  164  8:01  Marine x7  
  148  8:06  Marine  
  148  8:09  Marine  
  148  8:11  Marine x2  
  150  8:14  Medivac  
  150  8:16  Marine  
  150  8:19  Marine x5  
  143  8:25  Medivac, Marine x2  
  133  8:27  Marine  
  133  8:29  Marine x3  
  133  8:30  Siege Tank  
  137  8:34  Marine  
  137  8:36  Command Center  
  137  8:37  Marine  
  137  8:39  Refinery  
  139  8:41  Factory  
  139  8:42  Marine  
  139  8:44  Marine  
  139  8:48  Marine  
  142  8:49  Marine x2  
  142  8:50  Marine x4  
  142  8:53  Marine  
  142  8:54  Medivac  
  151  8:56  Marine  
  151  8:59  Supply Depot  
  151  9:00  Marine x2  
  151  9:02  Medivac  
  150  9:03  Marine  
  150  9:05  Marine  
  150  9:06  Marine  
  150  9:07  Marine  
  150  9:08  Marine x2  
  143  9:10  Marine x2  
  143  9:11  Marine  
  143  9:16  Marine  
  141  9:18  Marine x2  
  141  9:20  Marine  
  141  9:23  Marine  
  142  9:24  Siege Tank, Medivac, Marine x2  
  142  9:26  Marine  
  142  9:27  Factory Reactor  
  142  9:28  Marine  
  142  9:29  Marine  
  146  9:32  Medivac, Marine x2  
  146  9:34  Marine  
  146  9:36  Marine x2, Drilling Claws  
  147  9:40  Supply Depot  
  139  9:47  Marine x6  
  139  9:50  SCV x2  
  139  9:51  SCV  
  147  9:54  Marine, Medivac  
  147  9:58  Marine  
  147  9:59  Marine  
  136  10:01  Marine  
  136  10:02  SCV, Medivac, Marine  
  136  10:04  Marine x3  
  131  10:08  Marine, Widow Mine x3  
  131  10:09  Marine  
  138  10:15  Terran Infantry Weapons Level 3  
  138  10:18  SCV x3  
  141  10:23  Terran Infantry Armor Level 3  
  141  10:24  Marine  
  141  10:25  Marine  
  141  10:28  Marine x2  
  144  10:29  Marine  
  144  10:30  Marine  
  144  10:32  Marine  
  144  10:33  Marine  
  144  10:34  Marine x2  
  151  10:36  Widow Mine x2  
  151  10:38  Widow Mine  
  151  10:40  Marine  
  151  10:41  Marine  
  151  10:42  Marine  
  159  10:45  Medivac  
  159  10:49  Marine  
  143  10:50  Marine x4  
  143  10:52  Marine x2  
  143  10:55  Planetary Fortress  
  146  10:57  Marine x2  
  146  10:58  Widow Mine  
  146  10:59  Marine, Marauder  
  146  11:00  Marine  
  146  11:01  Widow Mine  
  155  11:05  Medivac  
  155  11:07  Marine x3, Widow Mine  
  160  11:13  Sensor Tower  
  160  11:14  Marine x2  
  156  11:19  Widow Mine  
  156  11:21  Barracks Tech Lab  
  156  11:22  Marine x2, Command Center  
  156  11:23  Marine, Widow Mine  
  156  11:24  Marine  
  151  11:27  Marine  
  151  11:28  Marine  
  151  11:31  Medivac  
  145  11:33  Marine x2, Widow Mine  
  145  11:34  Marine x3  
  145  11:39  Medivac  
  144  11:40  Marine x3  
  144  11:41  Marine  
  144  11:43  Terran Vehicle And Ship Armor Level 1  
  144  11:45  Marine  
  149  11:53  Marine x2, Widow Mine  
  153  11:54  Barracks Tech Lab  
  153  11:55  Marine x2, Marauder  
  153  11:56  Barracks Tech Lab  
  153  11:57  Marine  
  153  11:58  Marine x2  
  153  11:59  Marauder  
  153  12:00  Widow Mine x2  
  161  12:03  Medivac, Marine  
  161  12:07  Refinery x2  
  162  12:08  Ghost Academy  
  162  12:10  Marine x2  
  162  12:12  Marine  
  162  12:13  Marine x2  
  162  12:14  Widow Mine, Concussive Shells  
  169  12:15  Marine  
  169  12:16  Marauder  
  169  12:19  Medivac, Marine  
  175  12:28  Marine x3, Widow Mine  
  163  12:32  Marine x2  
  163  12:33  Medivac  
  163  12:34  Widow Mine  
  163  12:36  Marine x3  
  157  12:49  Medivac, Marine  
  157  12:50  Command Center, Widow Mine  
  162  12:53  Marauder  
  162  12:57  Sensor Tower  
  162  12:58  Marine  
  164  13:00  Unknown  
  164  13:03  Medivac, Widow Mine  
  169  13:12  Ghost x2  
  162  13:15  Ghost  
  162  13:18  Marine  
  161  13:20  Marine  
  161  13:25  Liberator  
  163  13:29  Marauder  
  163  13:30  Marine  
  163  13:32  Marine x3  
  163  13:33  Marine  
  159  13:38  Planetary Fortress  
  159  13:40  Marine x2  
  163  13:41  Marauder x2  
  163  13:44  Marine, Widow Mine  
  163  13:45  Marauder  
  163  13:48  Marine  
  168  13:50  Marine x2, Marauder  
  173  13:56  Refinery  
  173  13:58  Marine x3, Widow Mine  
  182  14:02  Marauder  
  182  14:03  Marauder  
  182  14:07  Marine  
  182  14:08  Marine x2, Widow Mine  
  187  14:15  Liberator  
  190  14:18  Widow Mine  
  190  14:19  Widow Mine  
  190  14:20  Ghost  
  196  14:25  Ghost  
  196  14:26  Ghost  
  200  14:32  Orbital Command  
  200  14:36  Ghost  
  183  14:48  Ghost  
  184  14:53  Widow Mine  
  184  14:54  Ghost  
  184  14:55  Ghost  
  190  15:04  Ghost  
  194  15:07  Widow Mine  
  188  15:17  Ghost  
  190  15:22  Ghost  
  190  15:23  Ghost  
  193  15:32  Orbital Command  
  193  15:33  Ghost  
  176  15:43  Orbital Command  
  176  15:45  Ghost  
  176  15:46  Marine  
  173  15:51  SCV x2, Ghost  
  173  15:52  Marine x2, Widow Mine, Ghost  
  173  15:55  Marine x2  
  173  15:56  Marine  
  181  15:57  Factory Tech Lab  
  181  15:59  Armory  
  181  16:01  Ghost  
  183  16:14  Marine x2, Widow Mine, Ghost  
  183  16:17  Widow Mine  
  173  16:19  Orbital Command, Ghost  
  173  16:20  Ghost  
  173  16:21  Marine x2  
  173  16:22  Marine x2  
  173  16:23  Marine  
  163  16:27  Marine  
  163  16:30  Ghost  
  163  16:31  SCV x2  
  163  16:32  Marine x2  
  170  16:36  Widow Mine  
  170  16:38  Widow Mine  
  170  16:39  Missile Turret, Marine  
  175  16:42  Ghost  
  176  16:47  SCV  
  176  16:48  SCV, Ghost  
  180  16:57  Siege Tank  
  180  17:00  Siege Tank  
  184  17:04  Liberator  
  184  17:05  Liberator  
  183  17:13  Supply Depot  
  183  17:14  Supply Depot  
  183  17:16  Ghost  
  183  17:19  Marine x2  
  183  17:21  Marine  
  188  17:23  Marine  
  188  17:24  Marine  
  188  17:29  Widow Mine  
  180  17:40  Ghost x2  
  180  17:42  Widow Mine  
  180  17:43  Marine  
  180  17:44  Marine  
  181  17:47  Medivac  
  181  17:50  Ghost x2  
  187  18:01  Liberator  
  190  18:05  Marine  
  190  18:08  Ghost  
  190  18:09  Marauder  
  190  18:11  Marine  
  190  18:12  Marine  
  192  18:17  Widow Mine  
  192  18:18  Ghost  
  180  18:30  Orbital Command, Widow Mine, Marine  
  180  18:31  Barracks Tech Lab  
  180  18:43  Barracks Tech Lab  
  180  18:45  Barracks  
  180  18:46  Barracks  
  180  18:47  Barracks  
  186  18:54  Barracks Tech Lab  
Show
View Real Time Build Order
Export as new Build Order

Lambo Zerg 

Build Orders: Hatch First, Lurkers 

Get SALT Encoding   

  12  0:00  Drone  
  13  0:12  Overlord  
  13  0:16  Drone  
  14  0:31  Drone x2  
  16  0:47  Hatchery  
  15  0:51  Drone  
  15  0:54  Drone  
  17  0:57  Drone  
  18  1:08  Extractor  
  17  1:13  Spawning Pool  
  17  1:15  Drone  
  17  1:19  Drone  
  18  1:28  Drone  
  19  1:38  Drone  
  20  1:49  Drone  
  21  1:59  Queen x2  
  21  2:00  Zergling x4  
  27  2:15  Hatchery, Drone  
  27  2:19  Overlord  
  27  2:26  Extractor, Drone  
  27  2:27  Drone  
  28  2:38  Queen  
  28  2:41  Drone  
  28  2:42  Drone  
  28  2:43  Drone  
  33  2:47  Overlord  
  33  2:51  Metabolic Boost  
  33  2:54  Drone  
  34  3:00  Drone  
  35  3:08  Queen  
  35  3:09  Drone x2  
  39  3:16  Drone x4  
  43  3:26  Overlord  
  43  3:28  Queen  
  43  3:33  Queen  
  47  3:39  Overlord  
  47  3:42  Drone  
  47  3:43  Drone  
  47  3:44  Queen  
  51  3:48  Drone x3  
  51  3:51  Zergling x4  
  56  3:56  Drone x2  
  56  3:58  Drone x2  
  56  4:01  Drone x2  
  62  4:05  Drone x2  
  64  4:13  Drone x2  
  64  4:15  Overlord  
  66  4:17  Overlord  
  66  4:28  Overlord  
  66  4:31  Lair  
  66  4:32  Overlord  
  66  4:33  Queen  
  66  4:34  Extractor  
  66  4:36  Drone x2  
  68  4:38  Drone  
  68  4:39  Drone  
  68  4:40  Hatchery  
  68  4:41  Drone x2  
  68  4:44  Drone x3  
  74  4:48  Spore Crawler  
  74  4:49  Spore Crawler  
  72  4:54  Zergling x2  
  72  4:55  Zergling x2  
  74  5:01  Spore Crawler, Drone x5  
  74  5:06  Baneling Nest, Drone x3  
  80  5:07  Extractor  
  80  5:08  Extractor  
  77  5:15  Zergling x4  
  77  5:16  Zergling x2  
  80  5:22  Queen, Drone  
  80  5:23  Drone  
  80  5:24  Extractor, Drone  
  80  5:25  Drone x3  
  80  5:27  Evolution Chamber x2  
  85  5:31  Drone  
  85  5:32  Drone x3  
  85  5:33  Overseer  
  85  5:34  Drone  
  90  5:37  Overseer  
  90  5:39  Drone  
  90  5:44  Drone x4  
  90  5:48  Drone x2  
  96  5:52  Drone  
  97  5:58  Drone x5  
  97  5:59  Centrifugal Hooks, Spore Crawler  
  97  6:01  Zerg Melee Weapons Level 1, Zerg Ground Armor Level 1  
  97  6:02  Drone x2  
  103  6:05  Overlord  
  103  6:10  Overlord  
  103  6:12  Overlord  
  103  6:14  Overlord  
  103  6:15  Overlord  
  103  6:18  Overlord  
  103  6:24  Zergling x18, Hydralisk Den  
  111  6:25  Extractor  
  111  6:31  Zergling x6  
  113  6:42  Hatchery, Drone x6  
  113  6:45  Baneling x7  
  118  6:48  Zergling x4  
  118  6:50  Drone  
  118  6:53  Zergling x12  
  127  6:56  Grooved Spines  
  127  6:58  Infestation Pit  
  127  7:00  Hydralisk x3  
  132  7:02  Baneling x2  
  132  7:07  Hydralisk x2  
  134  7:20  Hydralisk x4  
  134  7:21  Drone  
  143  7:23  Extractor, Overlord  
  143  7:27  Overlord  
  143  7:29  Baneling x2  
  142  7:30  Overlord, Drone  
  142  7:33  Baneling x3  
  142  7:35  Hive  
  143  7:37  Zergling x2, Spore Crawler  
  143  7:39  Overlord  
  143  7:40  Overlord  
  143  7:43  Zergling x16  
  151  7:45  Baneling x5  
  151  7:46  Zergling x8  
  155  7:52  Zergling x2  
  155  7:54  Zergling x4  
  151  8:00  Zergling x20  
  151  8:03  Zergling x4  
  151  8:05  Zerg Melee Weapons Level 2, Zerg Ground Armor Level 2  
  146  8:07  Zergling x2  
  146  8:08  Zergling x2  
  146  8:09  Baneling x8  
  141  8:13  Zergling x2  
  141  8:14  Zergling x10  
  141  8:16  Zergling x2  
  141  8:19  Zergling x2  
  128  8:20  Queen  
  128  8:21  Queen  
  128  8:22  Zergling x2  
  128  8:27  Zergling x12  
  128  8:31  Hydralisk  
  128  8:33  Queen  
  128  8:34  Queen  
  130  8:35  Muscular Augments  
  130  8:36  Hydralisk x4  
  130  8:37  Zergling x6, Hydralisk  
  130  8:40  Overseer  
  145  8:41  Hydralisk  
  145  8:42  Zergling x6  
  150  8:48  Baneling  
  150  8:49  Zergling x10, Baneling x4  
  150  8:53  Baneling x3  
  150  8:55  Zergling x4  
  157  9:02  Zergling x12  
  141  9:10  Zergling x12  
  141  9:14  Zergling x2  
  141  9:15  Queen, Baneling x2  
  141  9:16  Baneling x6  
  135  9:19  Queen x2  
  135  9:23  Zergling x10  
  143  9:26  Queen  
  143  9:28  Baneling x4  
  143  9:29  Baneling x3  
  134  9:31  Zergling x6  
  134  9:34  Viper  
  134  9:35  Zergling x4, Queen  
  142  9:39  Zergling x4  
  142  9:43  Zergling x8  
  141  9:46  Zergling x2  
  141  9:48  Baneling x2  
  141  9:51  Queen, Zergling x8  
  145  9:54  Zergling x2  
  145  9:55  Zergling x4  
  145  9:58  Zergling x2, Queen x2  
  144  10:03  Hydralisk x2  
  135  10:08  Queen  
  135  10:09  Hydralisk x3  
  135  10:11  Queen, Baneling x6  
  143  10:15  Zergling x6, Hydralisk  
  148  10:21  Baneling x5  
  148  10:28  Baneling x8  
  148  10:32  Zergling x8  
  149  10:41  Zergling x6  
  149  10:48  Zergling x2  
  140  10:52  Zergling x12  
  143  11:00  Baneling x6, Overlord x2  
  143  11:01  Zerg Missile Weapons Level 1  
  143  11:03  Queen, Overlord  
  142  11:05  Overlord  
  142  11:09  Zerg Ground Armor Level 3  
  142  11:10  Adrenal Glands  
  142  11:11  Zergling x8  
  143  11:15  Baneling x4  
  143  11:17  Zergling x4  
  141  11:22  Zergling x16  
  137  11:27  Zergling x2  
  135  11:33  Zergling x2  
  135  11:34  Zergling x14  
  135  11:38  Overseer  
  140  11:40  Zergling x10  
  140  11:43  Lurker Den  
  140  11:44  Hatchery  
  140  11:45  Extractor  
  140  11:46  Zergling x2  
  136  11:47  Baneling x4, Hydralisk  
  136  11:50  Overseer  
  136  11:51  Pneumatized Carapace  
  136  11:53  Hydralisk x2  
  141  12:01  Hydralisk x3  
  141  12:02  Zergling x6  
  141  12:06  Zergling x4  
  141  12:07  Baneling x3  
  152  12:14  Spore Crawler  
  151  12:16  Drone x8  
  151  12:19  Baneling x4  
  159  12:26  Zergling x8, Extractor  
  159  12:27  Extractor  
  159  12:28  Zergling x2  
  145  12:36  Zergling x18  
  143  12:41  Seismic Spines  
  143  12:44  Lurker x3  
  143  12:47  Zergling x12  
  143  12:49  Lurker  
  153  12:55  Lurker  
  153  12:57  Zergling x8  
  158  12:59  Drone  
  158  13:03  Lurker x2  
  161  13:06  Zergling x6  
  155  13:15  Lurker x3  
  155  13:16  Lurker  
  158  13:24  Hydralisk x4  
  149  13:32  Hydralisk x4  
  140  13:36  Drone x5  
  140  13:39  Drone x7  
  152  13:41  Adaptive Talons  
  152  13:44  Drone x2  
  154  13:49  Zergling x4  
  154  13:51  Lurker x3  
  154  13:55  Zergling x12  
  165  14:03  Baneling  
  165  14:04  Zergling x10, Baneling x5  
  165  14:06  Baneling  
  165  14:07  Lurker x3  
  165  14:08  Zergling x2  
  174  14:13  Overlord x2  
  174  14:14  Baneling  
  174  14:28  Viper  
  174  14:33  Zergling x28  
  174  14:36  Hatchery  
  178  14:38  Lurker x3  
  178  14:46  Zergling x8  
  178  14:48  Baneling x3  
  179  14:53  Zerg Missile Weapons Level 2  
  179  14:54  Hatchery  
  179  14:55  Zergling x6  
  181  15:01  Zergling x10  
  181  15:03  Overseer x2  
  186  15:07  Zergling x8  
  186  15:11  Zergling x2  
  186  15:12  Zergling x2  
  190  15:21  Overlord  
  190  15:25  Zergling x4  
  173  15:29  Zergling x2  
  173  15:30  Zergling x30  
  173  15:33  Zergling x6  
  173  15:35  Zergling x4  
  185  15:38  Hydralisk  
  183  15:44  Hydralisk x3  
  183  15:52  Zergling x12  
  183  15:54  Zergling x2  
  183  15:55  Zergling x2  
  185  16:00  Hydralisk x2  
  185  16:01  Overseer x2  
  189  16:09  Zergling x6  
  189  16:10  Nydus Network  
  188  16:13  Overseer x2  
  157  16:19  Hydralisk x5  
  157  16:24  Hydralisk x2  
  152  16:27  Hydralisk x2  
  152  16:32  Hydralisk x2  
  149  16:42  Lurker  
  149  16:43  Lurker x4  
  149  16:46  Lurker x3  
  154  16:48  Lurker x2  
  154  16:49  Hatchery  
  154  16:50  Overseer  
  154  16:53  Zergling x10  
  158  16:57  Hydralisk x2  
  161  17:03  Hydralisk x2  
  161  17:07  Lurker x5  
  161  17:08  Lurker  
  162  17:12  Hydralisk x2  
  162  17:13  Overseer  
  166  17:18  Hydralisk x2  
  166  17:19  Hydralisk  
  167  17:25  Overseer  
  163  17:38  Overseer  
  163  17:39  Hydralisk x7  
  161  17:46  Nydus Canal  
  161  17:47  Overseer  
  161  17:48  Lurker x5  
  161  17:49  Lurker  
  161  17:52  Overseer x2  
  161  17:54  Lurker x2  
  157  18:04  Hydralisk x3  
  161  18:07  Nydus Canal  
  161  18:10  Zergling x6  
  148  18:27  Overseer  
  148  18:32  Hydralisk x3  
  129  18:36  Overseer  
  141  18:45  Lurker x3  
Tags
 
Add a new tag
Caveats
  • Supply blocks, unpowered buildings, or Contaminate may cause inaccurate times.
  • Supply counts are checked every 10 seconds.